 Dungeon Crawl Stone Soup version 0.18-a0-1220-g2dc6208 (webtiles) character file.

28 Reinor the Vexing (level 2, -4/14 HPs)
             Began as a Spriggan Arcane Marksman on Feb 3, 2016.
             Slain by a goblin
             ... wielding a +0 dagger
             ... led by Robin
              (7 damage)
             ... on level 2 of the Dungeon.
             The game lasted 00:03:18 (651 turns).

Reinor the Vexing (Spriggan Arcane Marksman)         Turns: 651, Time: 00:03:18

Health: -4/14      AC:  2    Str:  7    XL:     2   Next: 96%
Magic:  2/5        EV: 18    Int: 14    God:
Gold:   92         SH:  0    Dex: 15    Spells: 2 memorised, 0 levels left

rFire  . . .     SeeInvis +     a - +0 shortbow
rCold  . . .     Gourm    .     b - +0 robe
rNeg   . . .     Faith    .     (shield currently unavailable)
rPois  .         Spirit   .     (helmet restricted)
rElec  .         Dismiss  .     (no cloak)
rCorr  .         Reflect  .     (gloves unavailable)
SustAt .         Harm     .     (boots unavailable)
MR     .....                    (no amulet)
Stlth  ++........               (no ring)
                                (no ring)

@: very slightly contaminated, very quick, not resistant to hostile
enchantments, unstealthy
A: unfitting armour, see invisible, herbivore 3, speed 3, slow metabolism 2
a: no special abilities


You were on level 2 of the Dungeon.
You were not hungry.

You visited 1 branch of the dungeon, and saw 2 of its levels.

You collected 92 gold pieces.

Inventory:

Hand Weapons
 a - a +0 shortbow (weapon)
Missiles
 d - 22 arrows (quivered)
 i - 13 arrows of flame
Armour
 b - a +0 robe (worn)
Scrolls
 e - 2 scrolls of remove curse {unknown}
 h - a scroll of blinking {unknown}
 j - a scroll of noise {unknown}
Potions
 g - a potion of curing {unknown}
Books
 c - a book of Debilitation

   Spells                             Type                      Level
   a - Corona                         Hexes                        1
   b - Slow                           Hexes                        2
   c - Gell's Gravitas                Hexes/Translocation          3
   d - Inner Flame                    Hexes/Fire                   3
   e - Cause Fear                     Hexes                        4
   f - Leda's Liquefaction            Hexes/Earth                  4
Comestibles
 f - a bread ration


   Skills:
 - Level 0.7 Fighting
 + Level 3.4 Bows
 - Level 3.0 Dodging
 + Level 2.9 Stealth
 - Level 1.3 Spellcasting
 - Level 3.6 Hexes


You couldn't memorise any spells.
You knew the following spells:

 Your Spells              Type           Power        Failure   Level  Hunger
a - Corona                Hex            ##.....      10%         1    ##.....
b - Slow                  Hex            ##......     12%         2    ###....


Dungeon Overview and Level Annotations

Branches:
Dungeon (2/15)

Altars:

Annotations:
D:2 Robin


Innate Abilities, Weirdness & Mutations

You are tiny and cannot use many weapons and most armour.
You have supernaturally acute eyesight.
You are a herbivore.
You cover ground extremely quickly.
You need consume almost no food.


Message History

Press: ? - help, Shift-Dir - straight line, f/p - Robin
Aim: Robin, wielding a short sword, wearing an animal skin and wearing a helmet (moderately wounded, chance to defeat MR: 55%)
You miscast Corona.
Multicoloured lights dance before your eyes!
Robin throws the goblin at you!
* * * LOW HITPOINT WARNING * * *
The goblin closely misses you.
Really attack while wielding your +0 shortbow? [Y]es or [N]o only, please.
Really attack while wielding your +0 shortbow?
Okay, then.
Read which item? (? for menu, Esc to quit)
Okay, then.
Drink which item? (? for menu, Esc to quit)
Okay, then.
Drink which item? (? for menu, Esc to quit)
It was a potion of cure mutation.
It has a very clean taste.
Robin misses you. The goblin hits you with a dagger!
Ouch! That really hurt!
You die...

..... #.# .....#####.#
........##.# g.......##.#
g..(....##.#
.g(..(..##.#######
gg.((.))(((()....#
.....#.###g####..#### ...
#. #@##.......# . #.
#g#.......## #.
#........### ..
#.......##.#### # ..
#.#...........##.. ..
#.####..##........ #......
#.##....##....# .#
#......##..'..........+...
#......##.##.###.###..##.#


You could see Robin and a goblin (frenzied).

Vanquished Creatures
  An ooze (D:1)
  3 giant cockroaches
  A hobgoblin (D:2)
  A kobold (D:2)
  A bat (D:1)
  10 goblins
  3 rats
20 creatures vanquished.

Notes
Turn   | Place    | Note
--------------------------------------------------------------
     0 | D:1      | Reinor the Spriggan Arcane Marksman began the quest for the Orb.
     0 | D:1      | Reached XP level 1. HP: 9/9 MP: 3/3
    49 | D:1      | Reached skill level 1 in Stealth
   281 | D:1      | Reached XP level 2. HP: 14/14 MP: 5/5
   362 | D:1      | Learned a level 2 spell: Slow
   605 | D:2      | Noticed Robin
   651 | D:2      | Slain by a goblin

Vault maps used:
D:1:      lordsloth_arrival_two_stooges
D:2:      yredelemnul_forgotten_temple_becter, tgw_trog, uniq_robin,
          uniq_jessica

Action                   || total
-------------------------++-------
 Fire: Shortbow          ||    45
 Cast: Corona            ||     5
  Use: Potion            ||     1
